 Dungeon Crawl Stone Soup version 0.30.1-11-g7821555f0a (webtiles) character file.

Game seed: 5387597322715369674

266 comborobin the Trooper (level 6, -3/53 HPs)
             Began as a Hill Orc Delver on Dec 24, 2023.
             Was a Priest of Cheibriados.
             Splashed by a jelly's acid (9 damage)
             ... on level 4 of the Dungeon.
             The game lasted 00:05:01 (3761 turns).

comborobin the Trooper (Hill Orc Delver)            Turns: 3761, Time: 00:05:03

Health: -3/53      AC: -4    Str: 23    XL:     6   Next: 20%
Magic:  8/8        EV:  9    Int: 16    God:    Cheibriados [***...]
Gold:   193        SH:  0    Dex: 18    Spells: 5/5 levels left

rFire   . . .        a - +1 hand axe
rCold   . . .        (no shield)
rNeg    . . .        j - +0 chain mail
rPois   .            d - +0 helmet
rElec   .            n - +0 cloak
rCorr   .            (no gloves)
SInv    .            (no boots)
Will    .....        y - amulet of regeneration Stlth
                     (no ring)
HPRegen 1.08/turn    (no ring)
MPRegen 0.11/turn

%: no passive effects
@: corroded, very slow
A: no striking features
a: Renounce Religion, Bend Time, Temporal Distortion


You were on level 4 of the Dungeon.
You worshipped Cheibriados.
Cheibriados was most pleased with you.
You visited 2 branches of the dungeon, and saw 7 of its levels.

You collected 193 gold pieces.

Inventory:

Hand Weapons
 a - a +1 hand axe (weapon)
 e - a +2 dagger of draining
 h - a +1 dagger of venom
Armour
 b - a +0 leather armour
 d - a +0 helmet (worn)
 g - a +0 ring mail
 j - a +0 chain mail (worn)
 n - a +0 cloak (worn)
Jewellery
 o - a ring of ice
 r - a ring of ice
 y - an amulet of regeneration (around neck)
Wands
 q - a wand of flame (10)
Scrolls
 c - 3 scrolls of fog
 l - 2 scrolls of fear
 m - a scroll of magic mapping
 s - 2 scrolls of poison {unknown}
 t - 3 scrolls of enchant weapon
 w - a scroll of teleportation {unknown}
 x - a scroll of identify
Potions
 f - a potion of haste
 i - a potion of mutation
 k - a potion of magic {unknown}
 p - a potion of resistance
 u - a potion of might
 v - a potion of curing {unknown}
 z - 2 potions of flight {unknown}


   Skills:
 - Level 4.7 Fighting
 - Level 4.6 Axes
 + Level 3.9 Armour
 - Level 1.5 Dodging
 - Level 4.1 Stealth
 - Level 3.0 Invocations


You had 5 spell levels left.
You didn't know any spells.
Your spell library contained the following spells:

 Spells                   Type           Power      Damage    Failure   Level
 Shock                    Conj/Air       0%         1d3       83%         1
 Statue Form              Tmut/Erth      0%         N/A       100%        6
 Shatter                  Erth           0%         3d5*      100%        9


Dungeon Overview and Level Annotations

Branches:
Dungeon (6/15)             Temple (1/1) D:4

Altars:
Ashenzari
Cheibriados
Dithmenos
Fedhas
Makhleb
Nemelex Xobeh
Okawaru
Sif Muna
Wu Jian
Xom
Yredelemnul

Shops:
D:2 =

Annotations:
D:4 2 transporters


Message History

You finish putting on your amulet of regeneration.
The amulet throbs as it attunes itself to your uninjured body.
y - an amulet of regeneration (around neck)
There is an open door here.
A jelly is nearby!
The jelly hits you but does no damage.
A jelly is nearby!
You hit the jelly. The acid corrodes you!
Your hands burn!
The jelly is lightly wounded.
The jelly hits you. The acid corrodes you!
You are splashed with acid!
You barely miss the jelly.
The jelly is lightly wounded.
The jelly barely misses you.
You hit the jelly but do no damage.
Your hands burn!
The jelly is lightly wounded.
The jelly hits you but does no damage.
You hit the jelly.
Your hands burn!
The jelly is heavily wounded.
The jelly barely misses you.
You hit the jelly but do no damage. The acid corrodes you!
Your hands burn!
You punch the jelly.
The jelly is heavily wounded.
The jelly barely misses you.
You hit the jelly but do no damage.
Your hands burn!
The jelly is heavily wounded.
The jelly hits you. The acid corrodes you!
You are splashed with acid!
You hit the jelly. The acid corrodes you!
Your hands burn!
The jelly is almost dead.
The jelly closely misses you.
You hit the jelly but do no damage.
Your hands burn!
The jelly is almost dead.
The jelly barely misses you. The jelly hits you.
You are splashed with acid!
* * * LOW HITPOINT WARNING * * *
You hit the jelly but do no damage.
Your hands burn!
* * * LOW HITPOINT WARNING * * *
The jelly is almost dead.
The jelly hits you.
* * * LOW HITPOINT WARNING * * *
You are splashed with acid!
You die...

######........#,,,*,,,,,,######..
...........########,,,,,,*...##..
...........#......#,,,,,,#.......
...........'......#,,,,,,#.......
...........#......#,,,,,,#.......
...........#.(....#,,,,.,#.......
...........#......#,,...,######..
...........########.....,,,,,,#(.
.............^..@J......,,,,,,#..
..............................+..
..............................#..
..............................#..
........###############.......#..
........#8P#~~~~S~~#P8#.......#,,
........#..#.......#..#...>...###
#####..©#©/+...⌠...+)©#©.........
........#..#.......#..#..#.......


You could see a jelly and an electric eel.

Vanquished Creatures
  An ogre (D:4)
  A crimson imp (D:3)
  An orc priest (D:3)
  Robin (D:2)
  4 adders
  A worm (D:2)
  2 orcs (D:3)
  2 bats
  8 endoplasms
  5 goblins
  5 hobgoblins
  12 jackals
  2 kobolds
  5 quokkas
  7 ball pythons
  5 frilled lizards
  6 rats
68 creatures vanquished.

Notes
Turn   | Place    | Note
-------+----------+-------------------------------------------
     0 | D:5      | comborobin the Hill Orc Delver began the quest for the Orb.
     0 | D:5      | Reached XP level 1. HP: 19/19 MP: 1/1
    27 | D:4      | Found a staircase to the Ecumenical Temple.
    36 | D:4      | Got the Omnibus of Injurious Stones
    39 | Temple   | Entered the Ecumenical Temple
   208 | Temple   | Became a worshipper of Cheibriados the Contemplative
   247 | D:4      | Found a transporter.
   283 | D:4      | Noticed a jelly
   359 | D:3      | Found a shimmering altar of Xom.
   359 | D:3      | Found a burning altar of Makhleb.
   359 | D:3      | Noticed a crimson imp
   388 | D:2      | Found Jieravesk's Jewellery Boutique.
   466 | D:2      | Noticed Robin
   470 | D:2      | Reached XP level 2. HP: 26/26 MP: 2/2
   557 | D:2      | Killed Robin
   702 | D:2      | Reached XP level 3. HP: 31/31 MP: 3/3
   879 | D:2      | Reached * piety under Cheibriados
  1077 | D:2      | Reached skill level 1 in Invocations
  2064 | D:3      | Reached XP level 4. HP: 34/37 MP: 4/6
  2328 | D:3      | Reached ** piety under Cheibriados
  2613 | D:3      | Reached XP level 5. HP: 43/43 MP: 7/7
  2770 | D:3      | Reached skill level 1 in Armour
  2887 | D:3      | Found an ornate altar of the Wu Jian Council.
  3116 | D:1      | Found a faded altar of an unknown god.
  3323 | D:4      | Noticed an ogre
  3329 | D:4      | Killed an ogre
  3330 | D:4      | Reached XP level 6. HP: 41/53 MP: 8/8
  3653 | D:4      | Reached *** piety under Cheibriados
  3687 | D:4      | Found a transporter.
  3761 | D:4      | Splashed by a jelly's acid

Illustrated notes

Levels and vault maps discovered:
D:1:      minmay_arrival_checkered_box, layout_rooms,
          hellmonk_ecumenical_altar_heavens_door
D:2:      layout_basic, serial_shops, shop, item_on_display_a, uniq_robin
D:3:      kennysheep_big_flooded_room, layout_loops_ring,
          grunt_temple_overflow_champion_of_chaos,
          nicolae_wu_jian_glorious_leap, minmay_cupped
D:4:      gammafunk_steamed_eel, layout_gridville,
          chequers_temple_overflow_statue_of_worship,
          minmay_temple_entry_offerings
D:5:      layout_cave_pools
D:6:      layout_basic
Temple:   hellmonk_temple_forest_ring

Skill      XL: |  1  2  3  4  5 |
---------------+----------------+-----
Axes           | 3 4 |  4.6
Invocations    | 2 3 |  3.0
Fighting       | 4 |  4.7
Armour         | 3 |  3.9
Dodging        | |  1.5
Stealth        | |  4.1

Action                     |  1- 3 |  4- 6 || total
---------------------------+-------+-------++-------
  Melee: Hand axe          |   151 |   104 ||   255
         Punch             |     2 |     2 ||     4
  Evoke: Wand              |     3 |     7 ||    10
    Use: Scroll            |     2 |     4 ||     6
         Potion            |     1 |     2 ||     3
   Stab: Sleeping          |     6 |     1 ||     7
 Armour: Leather armour    |    17 |       ||    17
         Ring mail         |    37 |    15 ||    52
         Chain mail        |       |    53 ||    53
  Dodge: Dodged            |    86 |    51 ||   137
